 Dungeon Crawl Stone Soup version 0.27-a0-1555-g0e7b3fb1d2 (webtiles) character file.

Game seed: 7564118463633503129

357 zero the Grave Robber (level 6, 0/43 HPs)
             Began as a Vampire Necromancer on July 14, 2021.
             Slain by a gnoll sergeant (8 damage)
             ... on level 4 of the Dungeon.
             The game lasted 00:06:11 (4388 turns).

zero the Grave Robber (Vampire Necromancer)         Turns: 4388, Time: 00:06:11

Health: 0/43       AC:  2    Str:  7    XL:     6   Next: 36%
Magic:  6/10       EV: 13    Int: 20    God:
Gold:   42         SH:  0    Dex: 14    Spells: 4/10 levels left

rFire    . . .     SeeInvis +   e - +0 spear
rCold    . . .     Faith    .   (no shield)
rNeg     . . .     Spirit   .   a - +0 robe
rPois    .         Reflect  .   (no helmet)
rElec    .         Harm     .   (no cloak)
rCorr    .         Rampage  .   (no gloves)
Will     .....                  (no boots)
Stlth    ++........             (no amulet)
HPRegen  0.34/turn              m - ring of wizardry
MPRegen  0.12/turn              (no ring)

@: healing quickly
A: alive, fangs 3, see invisible, vampiric 2
a: Exsanguinate


You were on level 4 of the Dungeon.
You visited 1 branch of the dungeon, and saw 4 of its levels.

You collected 172 gold pieces.
You spent 130 gold pieces at shops.

Inventory:

Hand Weapons
 e - a +0 spear (weapon)
 h - a +0 dagger
 i - a +0 hunting sling
Missiles
 g - 49 bolts
 j - 87 stones
Armour
 a - a +0 robe (worn)
 u - a +0 kite shield
Jewellery
 m - a ring of wizardry (left hand)
 o - a +4 ring of evasion
 x - an amulet of magic regeneration
 y - an amulet of guardian spirit
Wands
 w - a wand of flame (15)
Scrolls
 c - 2 scrolls of teleportation {unknown}
 d - a scroll of vulnerability {unknown}
 f - a scroll of enchant armour {unknown}
 l - 2 scrolls of identify {unknown}
 n - a scroll of brand weapon {unknown}
 p - a scroll of immolation {unknown}
 v - 2 scrolls of enchant weapon {unknown}
Potions
 b - a potion of heal wounds {unknown}
 k - 4 potions of haste {unknown}
 q - 2 potions of lignification {unknown}
 r - 4 potions of curing
 s - a potion of might
 t - a potion of invisibility {unknown}
 z - a potion of flight {unknown}


   Skills:
 + Level 1.4 Fighting
 + Level 3.2 Dodging
 - Level 3.0 Stealth
 + Level 2.8 Spellcasting
 + Level 1.1 Conjurations
 + Level 6.6 Necromancy
 + Level 1.3 Fire Magic


You had 4 spell levels left.
You knew the following spells:

 Your Spells              Type           Power      Damage    Failure   Level
a - Pain                  Necr           100%       1d9       1%          1
b - Animate Skeleton      Necr           58%        N/A       1%          1
c - Sticky Flame          Conj/Fire      7%         2d3       32%         4

Your spell library contained the following spells:

 Spells                   Type           Power      Damage    Failure   Level
 Vampiric Draining        Necr           14%        2d8       1%          3
 Animate Dead             Necr           14%        N/A       4%          4
 Static Discharge         Conj/Air       5%         N/A       7%          2
 Conjure Flame            Conj/Fire      7%         6-21      11%         3
 Ignite Poison            Fire/Tmut/Pois 4%         N/A       16%         3
 Agony                    Necr           29%        N/A       11%         5
 Lightning Bolt           Conj/Air       2%         1d14      75%         5
 Maxwell's Capacitive Co  Air            1%         ∞         100%        8


Dungeon Overview and Level Annotations

Branches:
Dungeon (4/15)
 Temple: D:4-7

Altars:
Trog

Shops:
D:3 !


Innate Abilities, Weirdness & Mutations

Your natural rate of healing is accelerated.
You have razor-sharp teeth.
You have supernaturally acute eyesight. (SInv)
You are afflicted with vampirism and can become a bat while bloodless.


Message History

The orc shouts!
You hear a shout!
An orc comes into view. It is wielding a +0 mace.
An orc comes into view. It is wielding a +0 flail of draining.
A phantom comes into view.
The gnoll shouts!
You hear a shout!
The gnoll sergeant hits you from afar with a +0 spear!
The gnoll shouts!
The gnoll sergeant misses you. The gnoll sergeant misses you.
There is a stone staircase leading up here.
Casting: Pain (safe; 1% risk of failure)
Confirm with . or Enter, or press ? or * to list all spells.
Aiming: Pain (safe; 1% risk of failure)
Press: ? - help, Shift-Dir - straight line, f - gnoll sergeant
Aim: a gnoll sergeant, wielding a +0 spear and wearing a +0 ring mail (chance to affect: 84%)
The gnoll sergeant writhes in agony!
The gnoll sergeant hits you from afar with a +0 spear.
Casting: Pain (safe; 1% risk of failure)
Confirm with . or Enter, or press ? or * to list all spells.
Aiming: Pain (safe; 1% risk of failure)
Press: ? - help, Shift-Dir - straight line, f/p - gnoll sergeant
Aim: a gnoll sergeant, wielding a +0 spear and wearing a +0 ring mail (moderately wounded, chance to affect: 84%)
The gnoll sergeant writhes in agony.
The gnoll sergeant closely misses you.
Casting: Pain (safe; 1% risk of failure)
Confirm with . or Enter, or press ? or * to list all spells.
Aiming: Pain (safe; 1% risk of failure)
Press: ? - help, Shift-Dir - straight line, f/p - gnoll sergeant
Aim: a gnoll sergeant, wielding a +0 spear and wearing a +0 ring mail (moderately wounded, chance to affect: 84%)
The gnoll sergeant writhes in agony.
The gnoll sergeant hits you from afar with a +0 spear!
Casting: Pain (safe; 1% risk of failure)
Confirm with . or Enter, or press ? or * to list all spells.
Aiming: Pain (safe; 1% risk of failure)
Press: ? - help, Shift-Dir - straight line, f/p - gnoll sergeant
Aim: a gnoll sergeant, wielding a +0 spear and wearing a +0 ring mail (heavily wounded, chance to affect: 84%)
The gnoll writhes in agony.
The gnoll hits you with a +0 club!
* * * LOW HITPOINT WARNING * * *
The gnoll sergeant closely misses you.
The gnoll sergeant hits you from afar with a +0 spear!
You die...

#.# ##..[....##.. #.#
##.....#.###.. #.##
##....###.# #.. #..#
##..#(## #)# #.>
##.###.g##)# #.# ###
#.#...###.# #.# #
#.#.gg....####.#####
#.#.g#####..........
#.#@.# #...<......
#....# #..........
#...## #..).......
###.# #.........#
#<.# ##.........#
###.######..........#
#..........##########
#...######## #####


You could see a gnoll sergeant and 3 gnolls.

Vanquished Creatures
  An ogre (D:3)
  A hound (D:4)
  An orc wizard (D:4)
  A scorpion zombie (D:4)
  A hound skeleton (D:4)
  3 gnolls
  6 adders
  2 worms
  3 dart slugs
  8 orcs
  9 endoplasms
  5 giant cockroaches
  2 goblins (D:2)
  4 hobgoblins
  5 jackals (D:3)
  3 quokkas
  7 ball pythons
  6 bats
  7 frilled lizards
  9 kobolds
  A rat (D:2)
85 creatures vanquished.

Notes
Turn   | Place    | Note
-------+----------+-------------------------------------------
     0 | D:1      | zero the Vampire Necromancer began the quest for the Orb.
     0 | D:1      | Reached XP level 1. HP: 13/13 MP: 3/3
   415 | D:1      | Reached XP level 2. HP: 18/19 MP: 1/5
   417 | D:1      | Learned a level 1 spell: Animate Skeleton
   470 | D:1      | Reached skill level 5 in Necromancy
   471 | D:1      | Found a bloodstained altar of Trog.
   703 | D:1      | Gained mutation: You are afflicted with vampirism and can
                  | become a bat while bloodless. [Vampire growth]
   703 | D:1      | Reached XP level 3. HP: 21/24 MP: 2/6
   914 | D:1      | Found a faded altar of an unknown god.
  1689 | D:2      | Reached skill level 6 in Necromancy
  2035 | D:2      | Reached XP level 4. HP: 30/30 MP: 5/7
  2040 | D:2      | Learned a level 4 spell: Sticky Flame
  2434 | D:3      | Noticed an ogre
  2518 | D:3      | Killed an ogre
  2519 | D:3      | Reached XP level 5. HP: 31/36 MP: 0/8
  2984 | D:3      | Found Zaapileo's Distillery.
  2994 | D:3      | Bought 2 potions of curing for 60 gold pieces
  2994 | D:3      | Bought a potion of curing for 30 gold pieces
  2994 | D:3      | Bought a potion of might for 40 gold pieces
  3213 | D:3      | Reached skill level 1 in Fighting
  3598 | D:4      | Reached skill level 1 in Fire Magic
  3672 | D:4      | Reached skill level 1 in Conjurations
  3691 | D:4      | Reached XP level 6. HP: 8/43 MP: 0/9
  4388 | D:4      | Slain by a gnoll sergeant

Illustrated notes

Levels and vault maps discovered:
D:1:      ebering_trefoil_twist, layout_loops_ring,
          shapermc_ecumenical_altar_hornbeckon, hangedman_decor_diamond_cutter,
          minmay_misc_feat_cross, nrook_mini_vaults, minmay_hexomino_r4
D:2:      layout_loops_ring, hangedman_abyss_or_decor_stabs,
          kennysheep_pointless_box
D:3:      layout_loops_cross, serial_shops, nicolae_shop_crystal
D:4:      layout_rooms

Skill      XL: |  1  2  3  4  5 |
---------------+----------------+-----
Necromancy     | 5 6 |  6.6
Fighting       | 1 |  1.4
Dodging        | 3 |  3.2
Fire Magic     | 1 |  1.3
Conjurations   | 1 |  1.1
Stealth        | |  3.0
Spellcasting   | |  2.8

Action                   |  1- 3 |  4- 6 || total
-------------------------+-------+-------++-------
Melee: Unarmed           |     6 |       ||     6
       Bite              |     1 |    10 ||    11
       Spear             |    13 |    77 ||    90
 Cast: Pain              |    58 |    94 ||   152
       Animate Skeleton  |       |     1 ||     1
 Stab: Sleeping          |     1 |     1 ||     2
Armor: Robe              |     4 |    13 ||    17
Dodge: Dodged            |    16 |    89 ||   105

Table legend: (Time is in decaauts)
 A = Elapsed time spent in this place.
 B = Non-inter-level travel time spent in this place.
 C = Inter-level travel time spent in this place.
 D = Time resting spent in this place.
 E = Time spent auto-exploring this place.
 F = Levels seen in this place.
 G = Mean time per level.
                   A        B        C        D        E       F      G
               +--------+--------+--------+--------+--------+-----+--------+
         Total |   4405 |   4254 |    151 |    947 |   2603 |   4 | 1101.2 |
       Dungeon |   4405 |   4254 |    151 |    947 |   2603 |   4 | 1101.2 |
               +--------+--------+--------+--------+--------+-----+--------+

Top non-repeatable levels by time:
     D:1: 1379 daAuts
     D:3: 1278 daAuts
     D:2: 940 daAuts
     D:4: 807 daAuts
